 Dungeon Crawl Stone Soup version 0.19-a0-459-gb8ed64d (webtiles) character file.

537 eoe the Caller (level 7, -4/54 HPs)
             Began as a Mummy Summoner on June 2, 2016.
             Was a Follower of Vehumet.
             Slain by tstbtto's ghost (19 damage)
             ... on level 5 of the Dungeon.
             The game lasted 00:41:54 (5077 turns).

eoe the Caller (Mummy Summoner)                     Turns: 5077, Time: 00:41:54

Health: -4/54      AC:  5    Str: 11    XL:     7   Next: 5%
Magic:  3/10       EV: 12    Int: 17    God:    Vehumet [*.....]
Gold:   171        SH:  0    Dex: 12    Spells: 2 memorised, 7 levels left

rFire  x . .     SeeInvis .     m - +2 dagger (drain)
rCold  + . .     Gourm    .     n - +2 robe {MR+}
rNeg   + + +     Faith    .     (no shield)
rPois  ∞         Spirit   .     (no helmet)
rElec  .         Dismiss  .     e - +0 cloak
rCorr  .         Reflect  .     (no gloves)
SustAt .         Harm     .     (no boots)
MR     +....                    (no amulet)
Stlth  ++........               (no ring)
                                (no ring)

@: somewhat resistant to hostile enchantments, unstealthy
A: no food or potions, fire vulnerability, cold resistance 1, negative energy
resistance 3, torment resistance, unbreathing
a: Renounce Religion


You were on level 5 of the Dungeon.
You worshipped Vehumet.
Vehumet was aware of your devotion.
You were not hungry.

You visited 1 branch of the dungeon, and saw 5 of its levels.

You collected 171 gold pieces.

Inventory:

Hand Weapons
 f - a +2 mace of holy wrath
 m - a +2 dagger of draining (weapon)
Armour
 e - a +0 cloak (worn)
 n - a +2 robe of magic resistance (worn)
Wands
 l - a wand of slowing (19/48)
Scrolls
 a - a scroll of random uselessness {unknown}
 c - 6 scrolls of remove curse
 d - 2 scrolls of identify
 g - a scroll of immolation {unknown}
 h - 5 scrolls of fog
 i - 2 scrolls of teleportation {unknown}
 j - a scroll of amnesia {unknown}
 k - a scroll of blinking {unknown}
 o - 2 scrolls of magic mapping {unknown}
 p - 3 scrolls of enchant weapon {unknown}
 q - a scroll of enchant armour {unknown}
Books
 b - a book of Callings

   Spells                             Type                      Level
   a - Summon Small Mammal            Summoning                    1
   b - Call Imp                       Summoning                    2
   c - Call Canine Familiar           Summoning                    3
   d - Summon Guardian Golem          Hexes/Summoning              3
   e - Summon Lightning Spire         Summoning/Air                4
   f - Summon Ice Beast               Ice/Summoning                4


   Skills:
 - Level 4.1 Fighting
 + Level 1.7 Dodging
 - Level 1.5 Stealth
 * Level 2.0 Spellcasting
 - Level 6.0 Summonings


You had 7 spell levels left.
You knew the following spells:

 Your Spells              Type           Power        Failure   Level  Hunger
a - Summon Small Mammal   Summ           ###.         1%          1    N/A
b - Call Imp              Summ           ###.....     2%          2    N/A

Dungeon Overview and Level Annotations

Branches:
Dungeon (5/15)
 Temple: D:4-7

Altars:
Ashenzari
Elyvilon
Gozag
Makhleb
Sif Muna
Vehumet
Yredelemnul
Zin

Annotations:
D:5 tstbtto's ghost, novice NaGl


Innate Abilities, Weirdness & Mutations

You do not eat or drink.
Your flesh is vulnerable to fire.
You are immune to poison.
Your flesh is cold resistant. (rC+)
You are immune to negative energy. (rN+++)
You are immune to unholy pain and torment.
You can survive without breathing.


Message History

Your rat bites tstbtto's ghost but does no damage.
Your crimson imp hits tstbtto's ghost.
Your quokka bites tstbtto's ghost.
Your quokka bites tstbtto's ghost but does no damage.
Tstbtto's ghost hits your quokka.
Your rat bites tstbtto's ghost but does no damage.
Your quokka bites tstbtto's ghost.
Your rat barely misses tstbtto's ghost.
Your crimson imp blinks!
Your quokka bites tstbtto's ghost. x2
Your rat bites tstbtto's ghost but does no damage.
Your quokka bites tstbtto's ghost but does no damage.
Your rat bites tstbtto's ghost.
Your quokka bites tstbtto's ghost but does no damage.
You hit tstbtto's ghost but do no damage.
Tstbtto's ghost is heavily damaged.
Your quokka bites tstbtto's ghost.
Your quokka bites tstbtto's ghost.
Your crimson imp completely misses tstbtto's ghost.
Tstbtto's ghost hits you!!
You die...

#.( .# #.. #.# #..#.# #.. #.#
#....###.########.#
#.#...........)...#
######.#.####(#.....#######
..............'.....'......
######..#.###.#.5r..############
....<...........W.r.............
########.#......@rr...5.......!..
....."......##.##########......##
##########..##.# #.%....+ #...#.#
#......# #.#.#.# #......# #.#.#.#
#......# #.#.#.# #......# #.#...#
#....>.# #.##..# #####'##


You could see tstbtto's ghost, 2 friendly crimson imps, 2 friendly quokkas and 2
friendly rats.

Vanquished Creatures
  Eustachio (D:4)
  A howler monkey (D:4)
  A gnoll shaman (D:4)
  Jessica (D:2)
  2 orc wizards (D:4)
  A hound skeleton (D:4)
  A worker ant zombie (D:5)
  An adder (D:3)
  2 giant geckos (D:4)
  3 orcs (D:4)
  2 bats
  3 giant cockroaches
  2 hobgoblins
  A kobold (D:1)
  A giant newt (D:3)
  7 goblins
  A jackal skeleton (D:4)
  2 rats
33 creatures vanquished.

Vanquished Creatures (collateral kills)
  An ogre (D:3)
  A giant frog zombie (D:5)
  2 orc priests (D:4)
  A hound (D:5)
  An iguana (D:4)
  A hound skeleton (D:4)
  Robin (D:3)
  4 gnolls (D:4)
  4 adders
  An ooze (D:4)
  A worm (D:2)
  A giant gecko (D:4)
  3 orcs
  A giant cockroach (D:1)
  4 goblins
  A hobgoblin (D:3)
  A quokka (D:3)
  7 bats
  A giant newt (D:1)
  A jackal skeleton (D:4)
  6 kobolds
44 creatures vanquished.

Grand Total: 77 creatures vanquished

Notes
Turn   | Place    | Note
--------------------------------------------------------------
     0 | D:1      | eoe the Mummy Summoner began the quest for the Orb.
     0 | D:1      | Reached XP level 1. HP: 13/13 MP: 3/3
   434 | D:1      | Reached skill level 1 in Fighting
   513 | D:1      | Reached XP level 2. HP: 19/21 MP: 1/5
   518 | D:1      | Learned a level 2 spell: Call Imp
  1421 | D:2      | Reached XP level 3. HP: 20/27 MP: 1/6
  1725 | D:2      | Noticed Jessica
  1762 | D:2      | Killed Jessica
  2216 | D:3      | Found a shattered altar of Ashenzari.
  2216 | D:3      | Found an opulent altar of Gozag.
  2216 | D:3      | Found a radiant altar of Vehumet.
  2221 | D:3      | Reached skill level 4 in Summonings
  2252 | D:3      | Found a burning altar of Makhleb.
  2270 | D:3      | Became a worshipper of Vehumet
  2353 | D:3      | Found a basalt altar of Yredelemnul.
  2455 | D:3      | Reached XP level 4. HP: 34/34 MP: 1/7
  2468 | D:3      | Noticed Robin
  2497 | D:3      | Killed Robin
  2892 | D:3      | Found a deep blue altar of Sif Muna.
  3056 | D:4      | Found a white marble altar of Elyvilon.
  3098 | D:4      | Noticed an ogre
  3123 | D:3      | Killed an ogre
  3123 | D:3      | Reached XP level 5. HP: 26/40 MP: 5/8
  3296 | D:4      | Reached * piety under Vehumet
  3296 | D:4      | Offered knowledge of Sandblast by Vehumet.
  3296 | D:4      | Reached skill level 5 in Summonings
  3499 | D:4      | Noticed Eustachio
  3549 | D:4      | Killed Eustachio
  3549 | D:4      | Reached XP level 6. HP: 25/48 MP: 4/9
  4584 | D:5      | Entered Level 5 of the Dungeon
  4841 | D:5      | Reached XP level 7. HP: 44/54 MP: 7/10
  4878 | D:5      | Reached skill level 6 in Summonings
  4898 | D:5      | Found a glowing silver altar of Zin.
  5047 | D:5      | Noticed tstbtto's ghost (novice NaGl)
  5077 | D:5      | Slain by tstbtto's ghost

Vault maps used:
D:1:      matt_arrival_diagonals
D:2:      uniq_jessica
D:3:      overflow_temple_1_default, grunt_temple_overflow_cloverleaf,
          old_standard_altar, uniq_robin
D:4:      lemuel_crystal_altar, first_bread, uniq_eustachio
D:5:      lemuel_doored_altar, kiku_gazebo_pond_becter, temple_doors_e

Skill      XL: |  1  2  3  4  5  6  7 |
---------------+----------------------+-----
Fighting       | 1 2 3 4 |  4.1
Summonings     | 4 5 6 |  6.0
Dodging        | |  1.7
Stealth        | |  1.5
Spellcasting   | |  2.0

Action                   |  1- 3 |  4- 6 |  7- 9 || total
-------------------------+-------+-------+-------++-------
Melee: Dagger            |    56 |   147 |    10 ||   213
       Unarmed           |     9 |       |       ||     9
 Cast: Summon Small Mamm |    58 |    47 |     6 ||   111
       Call Imp          |     7 |    11 |     4 ||    22
  Use: Scroll            |       |     3 |     1 ||     4
 Stab: Distracted        |     1 |     1 |     1 ||     3
Armor: Robe              |    26 |    50 |       ||    76
Dodge: Dodged            |    75 |   148 |     5 ||   228
